 Dungeon Sprint DCSS version 0.29-a0-700-g2f1814c7b2 (webtiles) character file.

Game seed: 15524999823830993738

13090 mhtbhm the Ninja (level 11, 0/53 HPs)
             Began as a Spriggan Enchanter on June 25, 2022.
             Was an Initiate of Gozag.
             Slain by a chaos spawn (10 damage)
             ... summoned by an orc high priest
             ... in the Dungeon (Sprint IX: "|||||||||||||||||||||||||||||").
             The game lasted 00:06:11 (2139 turns).

mhtbhm the Ninja (Spriggan Enchanter)               Turns: 2139, Time: 00:06:12

Health: 0/53       AC:  4    Str:  4    XL:     11   Next: 71%
Magic:  11/31      EV: 28    Int: 18    God:    Gozag
Gold:   6086       SH:  0    Dex: 19    Spells: 29/40 levels left

rFire   . . .      SeeInvis +   a - +1 dagger
rCold   . . .      Faith    .   (no shield)
rNeg    . . .      Spirit   .   b - +1 robe {Will+}
rPois   .          Reflect  .   (helmet restricted)
rElec   .          Harm     .   k - +0 cloak
rCorr   .          Rampage  .   (gloves unavailable)
Will    ++...      NoTele   +   (boots unavailable)
Stlth   ++++++++++              (no amulet)
HPRegen 0.17/turn               l - +2 ring of evasion
MPRegen 0.22/turn               m - +2 ring of evasion

@: spiked, very quick
A: very small, no large weapons, unfitting armour, see invisible, speed 3
a: Renounce Religion, Potion Petition, Call Merchant, Bribe Branch


You were in the Dungeon.
You worshipped Gozag.
Gozag was greatly pleased with you.
You visited 1 branch You collected 6086 gold pieces.

Inventory:

Hand Weapons
 a - a +1 dagger (weapon)
Missiles
 v - 2 throwing nets (quivered)
Armour
 b - a +1 robe of willpower (worn)
 k - a +0 cloak (worn)
Jewellery
 l - a +2 ring of evasion (left hand)
 m - a +2 ring of evasion (right hand)
Wands
 j - a wand of iceblast (10)
Scrolls
 h - 2 scrolls of amnesia
 i - 3 scrolls of blinking
 q - a scroll of silence
 s - 4 scrolls of enchant armour
 t - a scroll of fear
 u - 2 scrolls of enchant weapon
Potions
 c - 3 potions of invisibility
 d - 5 potions of curing
 e - 3 potions of heal wounds
 f - a potion of haste
 g - 4 potions of magic
 n - a potion of brilliance
 o - a potion of might
 p - 3 potions of berserk rage
 r - a potion of mutation


   Skills:
 + Level 4.2 Fighting
 + Level 10.8 Short Blades
 + Level 9.5 Dodging
 O Level 27 Stealth
 + Level 15.3 Spellcasting
 + Level 15.7 Hexes
 + Level 6.8 Ice Magic


You had 29 spell levels left.
You knew the following spells:

 Your Spells              Type           Power      Damage    Failure   Level
a - Confusing Touch       Hex            63%        N/A       1%          3
b - Tukima's Dance        Hex            63%        N/A       1%          3
c - Ensorcelled Hibernat  Hex/Ice        100%       N/A       1%          2
d - Dazzling Flash        Conj/Hex       84%        N/A       1%          3

Your spell library contained the following spells:

 Spells                   Type           Power      Damage    Failure   Level


Dungeon Overview and Level Annotations

Branches:
Dungeon (1/1)

Altars:
Cheibriados
Dithmenos
Elyvilon
Fedhas
Gozag
Hepliaklqana
Kikubaaqudgha
Makhleb
Nemelex Xobeh
Okawaru
Qazlal
Ru
Sif Muna
Trog
Uskayaw
Vehumet
Wu Jian
Xom
Yredelemnul
Zin
The Shining One
Beogh
Jiyva
Lugonu

Shops:
D *[


Innate Abilities, Weirdness & Mutations

You are very small and have problems with some larger weapons.
You are too small for most types of armour.
You have supernaturally acute eyesight. (SInv)
You cover ground extremely quickly. (Speed+++)


Message History

The ynoxinul is dazzled.
The orc high priest completely misses you.
The chaos spawn barely misses you.
Unknown command.
Unknown command.
You hit the orc high priest.
The orc high priest is lightly wounded.
The red devil is no longer distracted by gold.
You hit the orc high priest.
The orc high priest is lightly wounded.
The orc high priest is no longer blind.
The orc high priest misses you. The chaos spawn completely misses you.
You barely miss the orc high priest.
The orc high priest is lightly wounded.
Casting: Dazzling Flash (safe; 1% risk of failure)
Confirm with . or Enter, or press ? or * to list all spells.
Your hands begin to glow red.
The red devil is no longer blind.
The orc high priest completely misses you.
The red devil completely misses you. The chaos spawn closely misses you.
You hit the orc high priest but do no damage.
The orc high priest is lightly wounded.
The orc high priest hits you with a +0 hand axe!
The ynoxinul gestures.
The chaos spawn misses you. The red devil closely misses you.
You hit the orc high priest but do no damage.
The orc high priest appears confused.
The orc high priest is lightly wounded.
The chaos spawn is no longer blind.
You hit the orc high priest.
The orc high priest is lightly wounded.
The orc high priest grins madly.
The orc high priest hits the red devil with a +0 hand axe!
The orc high priest completely misses you.
The orc high priest hits itself with a +0 hand axe!
The red devil hits you from afar with a +0 trident!
* * * LOW HITPOINT WARNING * * *
Barbed spikes become lodged in your body.
The chaos spawn hits you!
You die...
Your body crumbles into a pile of gold.

▓.▓.▓.▓.▓_▓
▓.▓.▓.▓.▓_▓
▓.▓.▓.▓.▓_▓
▓5▓.▓.▓.▓_▓
▓5▓.▓.▓.▓_▓
▓3▓.▓.▓.▓_▓
▓4▓.▓'▓.▓_▓
▓o▓.▓.▓.▓_▓
▓@▓.▓.▓.▓_▓
▓4▓.▓.▓.▓_▓
▓'▓.▓.▓.▓_▓
▓.▓.▓.▓.▓_▓
▓)▓.▓.▓.▓_▓
▓.▓.▓.▓.▓_▓
▓.▓)▓.▓.▓_▓
▓)▓.▓.▓.▓_▓
▓)▓.▓'▓.▓_▓


You could see an orc high priest (confused), a ynoxinul (summoned, blind), a
chaos spawn (summoned), a red devil (summoned) and 2 ufetubi.

Vanquished Creatures
  Harold (D)
  A hydra (D)
  A centaur warrior (D)
  A two-headed ogre (D)
  A death knight (D)
  A death yak (D)
  2 orc high priests (D)
  3 orc knights (D)
  A deep elf pyromancer (D)
  A manticore (D)
  A black mamba (D)
  Joseph (D)
  A rime drake (D)
  4 cane toads (D)
  A komodo dragon (D)
  2 polar bears (D)
  A yak (D)
  2 shadows (D)
  2 basilisks (D)
  3 wargs (D)
  3 water moccasins (D)
  2 hell hounds (D)
  12 orc warriors (D)
  3 wolves (D)
  A centaur (D)
  2 bullfrogs (D)
  A kobold brigand (D)
  A necrophage (D)
  A killer bee (D)
  A howler monkey (D)
  An orc priest (D)
  2 hounds (D)
  4 orc wizards (D)
  9 orcs (D)
  A giant cockroach (D)
  A frilled lizard (D)
  A goblin (D)
  2 rats (D)
79 creatures vanquished.

Vanquished Creatures (others)
  A shadow (D)
1 creature vanquished.

Grand Total: 80 creatures vanquished

Notes
Turn   | Place    | Note
-------+----------+-------------------------------------------
     0 | D        | mhtbhm the Spriggan Enchanter began the quest for the Orb.
     0 | D        | Reached XP level 1. HP: 9/9 MP: 5/5
    11 | D        | Reached skill level 5 in Stealth
    17 | D        | Noticed a hound
    17 | D        | Noticed a hound
    17 | D        | Noticed a howler monkey
    17 | D        | Noticed a necrophage
    23 | D        | Killed a necrophage
    24 | D        | Reached skill level 8 in Stealth
    24 | D        | Reached XP level 2. HP: 14/14 MP: 6/8
    24 | D        | Reached XP level 3. HP: 17/17 MP: 6/9
    27 | D        | Reached skill level 9 in Stealth
    27 | D        | Reached XP level 4. HP: 21/21 MP: 6/11
    33 | D        | Reached skill level 10 in Stealth
    33 | D        | Reached skill level 5 in Spellcasting
    38 | D        | Reached skill level 1 in Fighting
    38 | D        | Reached skill level 5 in Dodging
    38 | D        | Reached XP level 5. HP: 17/25 MP: 7/13
    42 | D        | Reached skill level 11 in Stealth
   185 | D        | Found a snail-covered altar of Cheibriados.
   185 | D        | Found a shadowy altar of Dithmenos.
   185 | D        | Found a white marble altar of Elyvilon.
   185 | D        | Found a blossoming altar of Fedhas.
   185 | D        | Found an opulent altar of Gozag.
   186 | D        | Found a hazy altar of Hepliaklqana.
   187 | D        | Found a viscous altar of Jiyva.
   188 | D        | Found an ancient bone altar of Kikubaaqudgha.
   189 | D        | Found a corrupted altar of Lugonu.
   190 | D        | Found a burning altar of Makhleb.
   191 | D        | Found a sparkling altar of Nemelex Xobeh.
   192 | D        | Found an iron altar of Okawaru.
   193 | D        | Became a worshipper of Gozag Ym Sagoz the Greedy
   194 | D        | Found a stormy altar of Qazlal.
   195 | D        | Found a sacrificial altar of Ru.
   196 | D        | Found a shimmering blue altar of Sif Muna.
   197 | D        | Found a bloodstained altar of Trog.
   198 | D        | Found a hide-covered altar of Uskayaw.
   199 | D        | Found a radiant altar of Vehumet.
   200 | D        | Found an ornate altar of the Wu Jian Council.
   201 | D        | Found a shimmering altar of Xom.
   202 | D        | Found a basalt altar of Yredelemnul.
   203 | D        | Found a glowing silver altar of Zin.
   204 | D        | Found a glowing golden altar of the Shining One.
   243 | D        | Learned a level 3 spell: Confusing Touch
   247 | D        | Learned a level 3 spell: Tukima's Dance
   250 | D        | Learned a level 2 spell: Ensorcelled Hibernation
   254 | D        | Learned a level 3 spell: Dazzling Flash
   254 | D        | Noticed a yak
   254 | D        | Noticed a centaur
   254 | D        | Noticed a shadow
   254 | D        | Noticed a shadow
   265 | D        | Killed a shadow
   266 | D        | Reached skill level 5 in Short Blades
   266 | D        | Reached skill level 13 in Stealth
   266 | D        | Reached XP level 6. HP: 20/30 MP: 12/16
   269 | D        | Killed a shadow
   318 | D        | Reached skill level 14 in Stealth
   515 | D        | Killed a yak
   516 | D        | Reached XP level 7. HP: 35/35 MP: 15/18
   521 | D        | Reached skill level 15 in Stealth
   553 | D        | Noticed a centaur warrior
   553 | D        | Noticed a two-headed ogre
   553 | D        | Noticed a shadow
   553 | D        | Noticed a death knight
   553 | D        | Noticed a deep elf pyromancer
   553 | D        | Noticed a manticore
   555 | D        | Killed a manticore
   556 | D        | Reached skill level 16 in Stealth
   556 | D        | Reached skill level 10 in Hexes
   556 | D        | Reached XP level 8. HP: 39/39 MP: 18/20
   557 | D        | Killed a deep elf pyromancer
   558 | D        | Reached skill level 18 in Stealth
   563 | D        | Killed a death knight
   564 | D        | Reached skill level 19 in Stealth
   564 | D        | Reached XP level 9. HP: 44/44 MP: 15/22
   575 | D        | Reached skill level 20 in Stealth
   575 | D        | Reached skill level 1 in Ice Magic
   584 | D        | Killed a two-headed ogre
   585 | D        | Reached skill level 10 in Short Blades
   585 | D        | Reached skill level 21 in Stealth
   589 | D        | Killed a centaur warrior
   590 | D        | Reached skill level 10 in Spellcasting
   792 | D        | Noticed a rime drake
   792 | D        | Noticed a seven-headed hydra
   793 | D        | Noticed a polar bear
   795 | D        | Noticed a polar bear
   797 | D        | Noticed a komodo dragon
   799 | D        | Reached skill level 22 in Stealth
   800 | D        | Killed a seven-headed hydra
   801 | D        | Reached XP level 10. HP: 49/49 MP: 25/25
   803 | D        | Reached skill level 23 in Stealth
   811 | D        | Reached skill level 24 in Stealth
   939 | D        | Noticed a cane toad
   939 | D        | Noticed a cane toad
   939 | D        | Noticed a cane toad
   939 | D        | Noticed a black mamba
   939 | D        | Noticed a death yak
   939 | D        | Noticed a cane toad
   941 | D        | Killed a cane toad
   943 | D        | Killed a death yak
   944 | D        | Reached skill level 25 in Stealth
   945 | D        | Killed a black mamba
   947 | D        | Killed a cane toad
   949 | D        | Killed a cane toad
   950 | D        | Reached skill level 26 in Stealth
   955 | D        | Killed a cane toad
  1016 | D        | Reached XP level 11. HP: 42/53 MP: 25/28
  1064 | D        | Reached skill level 27 in Stealth
  1283 | D        | Noticed Joseph
  1286 | D        | Noticed Harold
  1290 | D        | Killed Joseph
  1294 | D        | Killed Harold
  1582 | D        | Noticed an orc knight
  1600 | D        | Killed an orc knight
  1601 | D        | Reached skill level 5 in Ice Magic
  1761 | D        | Noticed an orc knight
  1772 | D        | Killed an orc knight
  1773 | D        | Reached skill level 15 in Hexes
  1917 | D        | Found Arghaschojue's Armour Boutique.
  1917 | D        | Noticed an orc high priest
  1917 | D        | Noticed an orc knight
  1917 | D        | Noticed an orc high priest
  1918 | D        | Noticed an orc high priest
  1924 | D        | Killed an orc high priest
  1926 | D        | Found Mohyod's Assorted Antiques.
  1927 | D        | Killed an orc knight
  1928 | D        | Reached skill level 15 in Spellcasting
  1931 | D        | Noticed a sun demon
  2078 | D        | Killed an orc high priest
  2139 | D        | Slain by a chaos spawn

Illustrated notes

Levels and vault maps discovered:
D:        linesprint [early_d, line_temple, items_1, d_10, items_2, lair_1,
          lair_end, items_3, orc_1, orc_end, items_4, d_15, swamp_1, shoals_1,
          snake_1, spider_1, d_20, vaults_1, items_5, swamp_end, shoals_end,
          snake_end, spider_end, vaults_end, d_27, items_6, zot_1, zot_end,
          crypt_end, forest_end, elf_end, slime_end, tomb_end, abyss_end,
          pan_hell_end]

Skill      XL: |  1  2  3  4  5  6  7  8  9 10 11 |
---------------+----------------------------------+-----
Hexes          | 6 7 8 9 10 12 13 15 | 15.7
Stealth        | 8 9 10 13 14 16 19 22 26 27 | 27.0
Spellcasting   | 4 5 6 7 8 10 12 15 | 15.3
Dodging        | 4 5 6 7 8 9 |  9.5
Short Blades   | 2 3 5 6 7 9 10 | 10.8
Fighting       | 1 2 3 4 |  4.2
Ice Magic      | 2 3 6 |  6.8

Action                   |  1- 3 |  4- 6 |  7- 9 | 10-12 || total
-------------------------+-------+-------+-------+-------++-------
Melee: Dagger            |    14 |    28 |    23 |    99 ||   164
       Punch             |       |       |       |     2 ||     2
 Cast: Confusing Touch   |       |     2 |     2 |     7 ||    11
       Ensorcelled Hiber |       |     1 |     5 |    72 ||    78
       Dazzling Flash    |       |       |       |     2 ||     2
  Use: Potion            |     1 |       |       |     2 ||     3
 Stab: Sleeping          |     4 |     2 |     9 |    48 ||    63
       Confused          |       |     2 |     3 |     6 ||    11
       Distracted        |       |       |       |     2 ||     2
Armor: Robe              |       |     2 |       |       ||     2
Dodge: Dodged            |     5 |    19 |     8 |    62 ||    94

Table legend: (Time is in decaauts)
 A = Elapsed time spent in this place.
 B = Non-inter-level travel time spent in this place.
 C = Inter-level travel time spent in this place.
 D = Time resting spent in this place.
 E = Time spent auto-exploring this place.
 F = Levels seen in this place.
 G = Mean time per level.
                   A        B        C        D        E       F      G
               +--------+--------+--------+--------+--------+-----+--------+
         Total |   1828 |   1828 |      0 |    916 |    348 |   1 | 1828.0 |
       Dungeon |   1828 |   1828 |      0 |    916 |    348 |   1 | 1828.0 |
               +--------+--------+--------+--------+--------+-----+--------+

Top non-repeatable levels by time:
       D: 1828 daAuts
